 Dungeon Crawl Stone Soup version 0.31.0-11-ge490571c62 (webtiles) character file.

Game seed: 18048939094888970365

61 qw the Shooter (level 3, -1/18 HPs)
             Began as a Spriggan Hunter on Feb 3, 2024.
             Was an Initiate of Okawaru.
             Slain by a gnoll
             ... wielding a +0 spear
              (7 damage)
             ... on level 3 of the Dungeon.
             The game lasted 00:00:03 (1092 turns).

qw the Shooter (Spriggan Hunter)                    Turns: 1092, Time: 00:00:04

Health: -1/18      AC:  2    Str:  7    XL:     3   Next: 83%
Magic:  4/4        EV: 19    Int: 10    God:    Okawaru [......]
Gold:   83         SH:  0    Dex: 20    Spells: 2/2 levels left

rFire   . . .        a - +0 shortbow
rCold   + . .        (shield currently unavailable)
rNeg    . . .        c - +0 robe
rPois   +            (helmet restricted)
rElec   .            (no cloak)
rCorr   .            (gloves unavailable)
SInv    +            (boots unavailable)
Will    .....        (no amulet)
Stlth   ++           d - ring of protection from cold
HPRegen 0.23/turn    g - ring of poison resistance
MPRegen 0.09/turn

%: no passive effects
@: very quick
A: very small, no large weapons, unfitting armour, see invisible, speed 3
a: Renounce Religion


You were on level 3 of the Dungeon.
You worshipped Okawaru.
Okawaru was noncommittal.
You visited 1 branch of the dungeon, and saw 3 of its levels.

You collected 83 gold pieces.


Innate Abilities, Weirdness & Mutations

You are very small and have problems with some larger weapons.
You are too small for most types of armour.
You have supernaturally acute eyesight. (SInv)
You cover ground extremely quickly. (Speed+++)


   Skills:
 - Level 1.5 Fighting
 - Level 5.0 Ranged Weapons
 + Level 4.0 Dodging
 - Level 1.5 Stealth


You had 2 spell levels left.
You didn't know any spells.
Your spell library was empty.

Inventory:

Hand Weapons
 a - a +0 shortbow (weapon)
Armour
 c - a +0 robe (worn)
Jewellery
 d - a ring of protection from cold (left hand)
 g - a ring of poison resistance (right hand)
Scrolls
 f - a scroll of teleportation
 h - a scroll of identify

Dungeon Overview and Level Annotations

Branches:
Dungeon (3/15)

Altars:
Okawaru


Message History

A goblin comes into view. It is wielding a +0 club.
You shoot an arrow. The arrow hits the goblin.
You kill the goblin!
Okawaru accepts your kill.
Found a club. 2 gnolls come into view.
A gnoll is wielding a +0 spear of freezing.
You shoot an arrow. The arrow hits the gnoll!
The gnoll shouts!
The gnoll is heavily wounded.
The gnoll shouts!
You hear a shout!
A gnoll comes into view. It is wielding a +0 spear.
You hear a shout!
1083 ||| RETREEEEATING.
You shoot an arrow. The arrow hits the gnoll!
You kill the gnoll!
Okawaru accepts your kill.
You hear a splash.
A gnoll comes into view. It is wielding a +0 flail.
1085 ||| RETREEEEATING.
You shoot an arrow. The arrow hits the gnoll.
The gnoll is lightly wounded.
You shoot an arrow. The arrow hits the gnoll!
The gnoll is severely wounded.
You shoot an arrow. The arrow hits the gnoll.
You kill the gnoll!
Okawaru accepts your kill.
Your Ranged Weapons skill increases to level 5!
You shoot an arrow. The arrow hits the gnoll.
The gnoll is moderately wounded.
You shoot an arrow. The arrow completely misses the gnoll.
The gnoll barely misses you.
You shoot an arrow. The arrow hits the gnoll!
The gnoll is almost dead.
The gnoll hits you from afar with a +0 spear.
The gnoll hits you with a +0 flail!
Ouch! That really hurt!
You shoot an arrow. The arrow completely misses the gnoll.
The gnoll hits you from afar with a +0 spear!
You die...

g~~~... .###
7~.#..~)~...
~g... ~~.. .
.....~~# #.
).7.. ..
#..# #...
#g#
####.####g#
#.......@.#
#)##.##.###
#.......#
#.##.##.#
#.##.##.#
#....<..#
#.##.##.#
#.......#
####.####


You could see 2 gnolls.

Vanquished Creatures
  2 gnolls (D:3)
  An adder (D:2)
  A ribbon worm (D:2)
  2 ball pythons
  5 bats
  5 endoplasms
  3 giant cockroaches
  2 jackals (D:2)
  2 kobolds (D:1)
  A quokka (D:2)
  4 goblins
  A rat (D:3)
29 creatures vanquished.

Notes
Turn   | Place    | Note
-------+----------+-------------------------------------------
     0 | D:1      | qw the Spriggan Hunter began the quest for the Orb.
     0 | D:1      | Reached XP level 1. HP: 10/10 MP: 2/2
     0 | D:1      | 0 ||| qw: Version: 0.3-a-158-g18b3111
     0 | D:1      | 0 ||| qw: Game counter: 4230
     0 | D:1      | 0 ||| qw: Melee chars always use a shield: true
     0 | D:1      | 0 ||| qw: God list: Okawaru
     0 | D:1      | 0 ||| qw: Allow faded altars: false
     0 | D:1      | 0 ||| qw: Do Orc after clearing Dungeon:15 true
     0 | D:1      | 0 ||| qw: Do second Lair branch before Depths: true
     0 | D:1      | 0 ||| qw: Lair rune preference: random
     0 | D:1      | 0 ||| qw: Goals: Normal
     0 | D:1      | 0 ||| PLANNING D:1-11
    37 | D:1      | Reached skill level 3 in Dodging
   118 | D:1      | Reached XP level 2. HP: 12/14 MP: 3/3
   428 | D:1      | 428 ||| READING 2 scrolls labelled LOCSEU UMUUXTI.
   429 | D:1      | 429 ||| READING scroll labelled ICLAN ACATO.
   433 | D:1      | 433 ||| DROPPING scroll of butterflies.
   434 | D:1      | 434 ||| DROPPING scroll of immolation.
   555 | D:2      | Found an iron altar of Okawaru.
   556 | D:2      | 556 ||| PLANNING OKAWARU WORSHIP
   565 | D:2      | Became a worshipper of Warmaster Okawaru
   566 | D:2      | 566 ||| PLANNING D:1-11
   777 | D:2      | Reached XP level 3. HP: 18/18 MP: 4/4
  1038 | D:2      | 1038 ||| UPGRADING to ring of protection from cold.
  1039 | D:2      | 1039 ||| UPGRADING to ring of poison resistance.
  1040 | D:2      | 1040 ||| READING 3 scrolls labelled QUJIYBELAP.
  1040 | D:2      | 1040 ||| IDENTIFYING murky coppery potion
  1041 | D:2      | 1041 ||| READING 2 scrolls of identify.
  1041 | D:2      | 1041 ||| IDENTIFYING dark potion
  1042 | D:2      | 1042 ||| DROPPING potion of attraction.
  1043 | D:2      | 1043 ||| DROPPING potion of berserk rage.
  1083 | D:3      | 1083 ||| RETREEEEATING.
  1085 | D:3      | 1085 ||| RETREEEEATING.
  1089 | D:3      | Reached skill level 5 in Ranged Weapons
  1092 | D:3      | Slain by a gnoll

Levels and vault maps discovered:
D:1:      minmay_arrival_open_corners, layout_basic, kennysheep_another_room,
          minmay_misc_feat_roman
D:2:      layout_basic, basic_altar
D:3:      layout_loops_cross, xom_redecorated, mainiacjoe_overflow_chevrons,
          mainiacjoe_overflow_six_doors_small,
          chequers_ecumenical_altar_simple_redux, serial_shops, shop,
          serial_rivers, chequers_serial_rivers_room_b,
          chequers_serial_rivers_small_b, chequers_serial_rivers_micro_e,
          chequers_serial_rivers_marsh, chequers_serial_rivers_micro_a,
          chequers_serial_rivers_micro_c, uniq_jessica, uniq_natasha,
          uniq_crazy_yiuf_cottage

Skill      XL: |  1  2  3 |
---------------+----------+-----
Dodging        | 3 4 |  4.0
Ranged Weapons | 5 |  5.0
Fighting       | |  1.5
Stealth        | |  1.5

Action                     || total
---------------------------++-------
   Fire: Shortbow          ||    66
    Use: Scroll            ||     4
 Armour: Robe              ||     5
  Dodge: Dodged            ||     9

Table legend:
 A = Non-vault XP
 B = Vault XP
 C = Vault XP percentage of total XP
 D = Non-vault monster count
 E = Vault monster count
 F = Vault count percentage of total count
                 A         B        C        D         E       F
            +---------+---------+-------+---------+---------+-------
      Total |      88 |       0 |   0.0 |      29 |       0 |   0.0
            +---------+---------+-------+---------+---------+-------
        D:1 |      24 |       0 |   0.0 |      14 |       0 |   0.0
        D:2 |      33 |       0 |   0.0 |      11 |       0 |   0.0
        D:3 |      31 |       0 |   0.0 |       4 |       0 |   0.0
            +---------+---------+-------+---------+---------+-------
